 Dungeon Crawl Stone Soup version 0.16-a0-922-gae79c9c (webtiles) character file.

43 RobertPalmer the Chopper (level 3, -6/24 HPs)
             Began as an Octopode Gladiator on Sept 30, 2014.
             Mangled by Crazy Yiuf
             ... wielding a +4 quarterstaff of chaos
              (13 damage)
             ... on Level 2 of the Dungeon.
             The game lasted 00:01:43 (1150 turns).

RobertPalmer the Chopper (Octopode Gladiator)       Turns: 1150, Time: 00:01:44

HP  -6/24        AC  1     Str 14      XL: 3   Next: 58%
MP  12/12        EV 12     Int 11      God:
Gold 136         SH  3     Dex 12      Spells:  0 memorised,  2 levels left

rFire  . . .     SeeInvis .     a - +0 war axe
rCold  . . .     Clarity  .     b - +0 buckler
rNeg   . . .     rCorr    .     c - +0 hat
rPois  .         rRot     .     (no amulet)
rElec  .         Spirit   .     l - ring of magical power
SustAb .         Warding  .     (no ring)
rMut   .         Stasis   .     (no ring)
Gourm  .                        (no ring)
MR     .....                    (no ring)
                                (no ring)
                                (no ring)
                                (no ring)

@: not resistant to hostile enchantments, unstealthy
A: almost no armour, amphibious, 8 rings, constrict 8, camouflage 1, gelatinous
body 1
a: no special abilities


You were on level 2 of the Dungeon.
You were hungry.

You visited 1 branch of the dungeon, and saw 2 of its levels.

You collected 136 gold pieces.


Innate Abilities, Weirdness & Mutations

You cannot wear most types of armour.
You are amphibious.
You can wear up to eight rings at the same time.
You can use your tentacles to constrict many enemies at once.
Your skin changes colour to match your surroundings (Stealth).
Your rubbery body absorbs attacks (AC +1).


   Skills:
 - Level 2.0 Fighting
 + Level 4.4 Axes
 - Level 2.0 Throwing
 - Level 3.0 Dodging


You had 2 spell levels left.
You didn't know any spells.

Inventory:

Hand weapons
 a - a +0 war axe (weapon)
Missiles
 d - 3 throwing nets (quivered)
Armour
 b - a +0 buckler (worn)
 c - a +0 hat (worn)
Magical devices
 n - a wand of hasting (6) {unknown}
Comestibles
 f - 2 bread rations
 h - a beef jerky
 k - a meat ration
Scrolls
 e - 5 scrolls of identify {unknown}
 i - a scroll of enchant weapon {unknown}
 j - a scroll of teleportation {unknown}
Jewellery
 l - a ring of magical power (left tentacle)
Potions
 g - a potion of agility {unknown}
 m - a potion of curing {unknown}

Dungeon Overview and Level Annotations

Branches:
Dungeon (2/15)

Altars:

Annotations:
D:2 Crazy Yiuf

#.# #.# #.# #.# #.# ###%# #.#
#...# # #.# #.### ######
###.#########.# #.....
..............# #.##..
##.#########..##############.##.#
##.# #....@g...........##.# #.#
##.#################.#
#.##########.# #.#
##........%...# #.#
...############ #)#
##.############### #.#
#...............# #..
###############.# ........# #.#
########


You could see Crazy Yiuf.


Message History

The goblin shouts!
The goblin barely misses you.
You miss the goblin. The goblin hits you.
You completely miss the goblin. The goblin barely misses you.
You block the goblin's attack.
You closely miss the goblin. The goblin misses you.
You hit the goblin. You grab the goblin. You squeeze the goblin.
You kill the goblin!
No target in view!
You open the door.
Crazy Yiuf the Enlightened comes into view.
He is wielding a quarterstaff of chaos.
Found a hammer.
Crazy Yiuf shouts!
There is an open door here.
Crazy Yiuf hits you with a quarterstaff of chaos!
Ouch! That really hurt!
* * * LOW HITPOINT WARNING * * *
You feel your power leaking away.
There is an open door here.
Crazy Yiuf laughs, "Nubble!
Goober head agre."
Drink which item? (? for menu, Esc to quit)
Okay, then.
Crazy Yiuf whimpers, "East!
Spliff stair stair."
Crazy Yiuf sings, "Trees, trees, trees, circus!"
You see here a club.
Crazy Yiuf laughs, "Goldfish high sallow!"
Crazy Yiuf says, "Paint!
Mama high illywillydillykilly."
Crazy Yiuf hits you with a quarterstaff of chaos!
Ouch! That really hurt!
You die...

Action                   || total
-------------------------++-------
Melee: War axe           ||    60
 Stab: Sleeping          ||     4

Vault maps used:
D:1:      evilmike_arrival_run_for_it, serial_glass, glass_columns_c,
          glass_columns_a, glass_columns_b, glass_columns_b, glass_columns_b,
          glass_columns_b, minmay_strange_pillars, feat_on_display,
          minmay_strange_pillars, minmay_strange_pillars, minivault_24
D:2:      minmay_rat_gold_closets, uniq_crazy_yiuf_cottage

Notes
Turn   | Place    | Note
--------------------------------------------------------------
     0 | D:1      | RobertPalmer, the Octopode Gladiator, began the quest for the Orb.
     0 | D:1      | Reached XP level 1. HP: 14/14 MP: 1/1
   213 | D:1      | Reached XP level 2. HP: 17/19 MP: 2/2
   540 | D:2      | Reached skill level 4 in Axes
   570 | D:2      | Reached XP level 3. HP: 21/24 MP: 3/3
  1107 | D:2      | Noticed Crazy Yiuf
  1150 | D:2      | Mangled by Crazy Yiuf

Vanquished Creatures
  A worm (D:1)
  A giant gecko (D:2)
  2 giant cockroaches (D:2)
  4 goblins
  6 hobgoblins
  A quokka (D:2)
  2 bats (D:1)
  3 giant newts
  8 kobolds
  8 rats
36 creatures vanquished.
